 Dungeon Crawl Stone Soup version 0.30-a0-571-gdf30a72648 (webtiles) character file.

Game seed: 3536602567618191144

23897 wormed the Covert (level 12, -1/65 HPs)
             Began as a Spriggan Hunter on Dec 30, 2022.
             Was the Champion of Okawaru.
             Slain by a red devil
             ... wielding a +2 trident of flaming
              (16 damage)
             ... in a volcano.
             The game lasted 00:28:31 (15755 turns).

wormed the Covert (Spriggan Hunter)                Turns: 15755, Time: 00:28:32

Health: -1/65      AC:  4    Str:  7    XL:     12   Next: 75%
Magic:  13/13      EV: 30    Int: 11    God:    Okawaru [******]
Gold:   603        SH:  0    Dex: 23    Spells: 11/11 levels left

rFire   + + .      SeeInvis +    T - +4 arbalest (heavy)
rCold   + . .      Faith    +    (shield currently unavailable)
rNeg    . . .      Spirit   .    p - +2 robe {Will+}
rPois   .          Reflect  .    f - +0 hat {Stlth+}
rElec   .          Harm     .    J - scarf {rC+ rF+}
rCorr   .          Rampage  .    (gloves unavailable)
Will    ++++.                    (boots unavailable)
Stlth   +++++++                  v - amulet of faith
HPRegen 0.30/turn                z - ring of willpower
MPRegen 0.13/turn                c - ring of protection from fire

@: spiked, studying Conjurations, very quick
A: very small, no large weapons, unfitting armour, see invisible, speed 3
a: Renounce Religion, Heroism, Finesse, Duel


You were in a volcano.
You worshipped Okawaru.
Okawaru was exalted by your worship.
You visited 4 branches of the dungeon, and saw 14 of its levels.
You also visited: Bailey and Volcano.

You collected 633 gold pieces.
You spent 30 gold pieces at shops.

Inventory:

Hand Weapons
 T - a +4 heavy arbalest (weapon)
Missiles
 t - a throwing net
Armour
 f - a +0 hat of stealth (worn)
 p - a +2 robe of willpower (worn)
 G - a +1 robe of the Archmagi
 J - a scarf of resistance (worn)
 P - a +0 cloak
Jewellery
 c - a ring of protection from fire (right hand)
 s - a +6 ring of intelligence
 v - an amulet of faith (around neck)
 z - a ring of willpower (left hand)
 E - a +5 ring of evasion
 F - a ring of resist corrosion
 K - an amulet of the acrobat
 L - an amulet of magic regeneration
 O - a ring of ice
Wands
 w - a wand of flame (23)
 B - a wand of polymorph (3)
 C - a wand of roots (19)
 H - a wand of quicksilver (7)
 R - a wand of mindburst (10)
Scrolls
 a - a scroll of magic mapping
 b - 3 scrolls of immolation
 e - a scroll of silence
 m - 4 scrolls of poison {unknown}
 o - 7 scrolls of enchant weapon {unknown}
 u - 5 scrolls of fear {unknown}
 x - 8 scrolls of teleportation {unknown}
 y - 3 scrolls of enchant armour {unknown}
 A - 3 scrolls of identify
 M - a scroll of fog
Potions
 d - 4 potions of mutation
 g - a potion of flight
 h - a potion of attraction
 i - a potion of invisibility
 j - 2 potions of lignification
 k - a potion of curing
 l - 4 potions of magic
 n - 4 potions of haste
 q - a potion of berserk rage
 r - 2 potions of ambrosia {unknown}
 D - 2 potions of might
 I - 4 potions of brilliance
 N - a potion of degeneration
 Q - 2 potions of heal wounds


   Skills:
 + Level 8.4 Fighting
 * Level 14.3 Ranged Weapons
 + Level 12.9 Dodging
 + Level 14.9 Stealth


You had 11 spell levels left.
You didn't know any spells.
Your spell library contained the following spells:

 Spells                   Type           Power      Damage    Failure   Level
 Sting                    Tmut/Pois      0%         1d3       34%         1
 Ensorcelled Hibernation  Hex/Ice        0%         N/A       47%         2
 Poisonous Vapours        Pois/Air       0%         N/A       47%         2
 Ozocubu's Armour         Ice            0%         N/A       71%         3
 Spider Form              Tmut/Pois      0%         N/A       71%         3
 Anguish                  Hex/Necr       0%         N/A       98%         4
 Olgreb's Toxic Radiance  Pois           0%         N/A       98%         4
 Ozocubu's Refrigeration  Ice            0%         4d7       100%        7


Dungeon Overview and Level Annotations

Branches:
Dungeon (11/15)            Temple (1/1) D:7            Lair (1/5) D:11
    Orc (1/2) D:10         Bailey (visited)         Volcano (1/1)

Altars:
Ashenzari
Cheibriados
Dithmenos
Elyvilon
Fedhas
Gozag
Hepliaklqana
Kikubaaqudgha
Makhleb
Nemelex Xobeh
Okawaru
Qazlal
Ru
Sif Muna
Trog
Uskayaw
Vehumet
Wu Jian
Xom
Yredelemnul
Zin
The Shining One

Shops:
D:4 *   D:5 :   D:6 [   D:8 !(?:


Innate Abilities, Weirdness & Mutations

You are very small and have problems with some larger weapons.
You are too small for most types of armour.
You have supernaturally acute eyesight. (SInv)
You cover ground extremely quickly. (Speed+++)


Message History

You shoot a bolt. The bolt closely misses the sun demon.
You shoot a bolt. The bolt closely misses the sun demon.
You shoot a bolt. The bolt hits the sun demon!
The sun demon is severely wounded.
You shoot a bolt. The bolt barely misses the sun demon.
The sun demon completely misses you. x2
The sun demon barely misses you.
You shoot a bolt. The bolt hits the sun demon.
The sun demon is severely wounded.
The sun demon hits you!!
You are engulfed in flames.
You resist.
You shoot a bolt. The bolt hits the sun demon.
The sun demon is almost dead.
You shoot a bolt. The bolt hits the sun demon!!
You kill the sun demon!
Okawaru accepts your kill. Okawaru grants you armour!
Something appears at your feet!
You see here a +0 cloak of willpower.
You shoot a bolt. The bolt barely misses the red devil.
You shoot a bolt. The bolt closely misses the red devil.
The red devil misses you.
You shoot a bolt. The bolt hits the red devil!!
The red devil is severely wounded.
The red devil hits you from afar with a +2 trident of flaming!!
* * * LOW HITPOINT WARNING * * *
Barbed spikes become lodged in your body.
The red devil burns you.
* * * LOW HITPOINT WARNING * * *
The red devil closely misses you.
The barbs in your skin will harm you if you move.
Continue?
Okay, then.
A red devil is nearby!
You are too injured to fight recklessly!
Fire: T) +4 arbalest (heavy)
Press: ? - help, Q - select action, (/) - cycle Shift-Dir - straight line, f/p - red devil
Aim: a red devil, wielding a +2 trident of flaming (severely wounded, 65% to hit)
You shoot a bolt. The bolt hits the red devil.
The red devil is severely wounded.
The red devil closely misses you.
The red devil hits you from afar with a +2 trident of flaming!
You die...

#####.§§≈§§≈≈.
##..3.4§≈≈§§§≈≈
#.###.§§≈≈§§§≈≈
##.###.§§≈≈≈§§≈≈
#.##.#.≈§≈≈§≈§§§
###.#..##§§§§≈§≈§≈
#.4##..∩#§≈§§≈≈§§§
#.##∩..##.≈§≈≈≈≈§§
#@.##.##..≈≈≈≈≈≈≈§
###.#.##.≈§§§§≈≈≈≈
##.##.≈§≈≈§≈§≈≈≈
###.§§§§§§§§≈§≈
#..§§≈≈§§≈§≈≈≈
###...≈≈≈§≈§§≈§§
#......≈≈≈≈§≈§§§
#......≈≈≈§§§§§≈
###.#..§§§§§§§§≈


You could see a red devil.

Vanquished Creatures
  Gastronok (D:8)
  Josephine (D:11)
  The ghost of billz999 the Fighter, a journeyman DjFE of Nemelex Xobeh (D:11)
  2 hydras (D:11)
  A boulder beetle (D:11)
  Erica (D:8)
  An ogre mage (D:11)
  6 two-headed ogres
  A sun demon (Volcano)
  An ugly thing (Volcano)
  Maggie (D:8)
  2 rime drakes (D:11)
  3 unseen horrors
  2 hornets
  7 spriggans (Bailey)
  5 wraiths (D:11)
  2 wyverns (D:10)
  11 yaks
  4 fire bats (Volcano)
  2 vampire mosquitoes (D:8)
  4 steam dragons
  Grum (D:8)
  Edmund (D:4)
  An acid dragon (D:8)
  2 water moccasins (D:6)
  4 orc warriors
  An ice beast (D:6)
  2 black bears
  18 ogres
  3 wolves (D:8)
  3 centaurs
  6 kobold brigands
  4 gnoll sergeants
  5 bullfrogs
  11 scorpions
  5 wights
  8 killer bees
  3 howler monkeys
  3 hounds
  6 lava snakes (Volcano)
  9 orc priests
  6 jellies
  Jessica (D:2)
  Ijyb (D:5)
  2 iguanas
  13 orc wizards
  11 adders
  30 gnolls
  3 white imps
  An ufetubus (D:4)
  5 worms
  A dart slug (D:3)
  32 orcs
  7 bats
  7 endoplasms
  A giant cockroach (D:1)
  11 goblins
  9 hobgoblins
  3 jackals
  37 kobolds
  2 quokkas
  7 ball pythons
  4 frilled lizards
  6 rats
355 creatures vanquished.

Vanquished Creatures (others)
  25 fungi
  20 plants
45 creatures vanquished.

Grand Total: 400 creatures vanquished

Notes
Turn   | Place    | Note
-------+----------+-------------------------------------------
     0 | D:1      | wormed the Spriggan Hunter began the quest for the Orb.
     0 | D:1      | Reached XP level 1. HP: 10/10 MP: 2/2
   152 | D:1      | Reached XP level 2. HP: 15/15 MP: 3/3
   418 | D:1      | Found a faded altar of an unknown god.
   517 | D:1      | Reached XP level 3. HP: 18/18 MP: 4/4
  1212 | D:2      | Noticed Jessica
  1214 | D:2      | Killed Jessica
  1215 | D:2      | Reached XP level 4. HP: 23/23 MP: 5/5
  1524 | D:3      | Reached skill level 5 in Ranged Weapons
  1532 | D:3      | Reached XP level 5. HP: 25/27 MP: 6/6
  1548 | D:3      | Found the +5 woodcutter's axe
  2031 | D:3      | Found a shimmering altar of Xom.
  2047 | D:3      | Found an ancient bone altar of Kikubaaqudgha.
  2334 | D:3      | Reached XP level 6. HP: 32/32 MP: 7/7
  2970 | D:4      | Reached skill level 5 in Stealth
  3106 | D:4      | Reached skill level 5 in Dodging
  3182 | D:4      | Noticed Edmund
  3189 | D:5      | Entered Level 5 of the Dungeon
  3295 | D:5      | Reached XP level 7. HP: 34/36 MP: 8/8
  3676 | D:4      | Found Fumn's Neck Hole.
  3771 | D:4      | Identified the +11 hand axe of Paczaam {drain, rPois rF+
                  | Str+4 Int-3}
  3992 | D:4      | Killed Edmund
  4343 | D:5      | Reached XP level 8. HP: 42/42 MP: 9/9
  4496 | D:5      | Found a hazy altar of Hepliaklqana.
  4497 | D:5      | Found a faded altar of an unknown god.
  5158 | D:5      | Noticed Ijyb
  5397 | D:6      | Reached XP level 9. HP: 46/46 MP: 10/10
  5427 | D:6      | Found Ymarrara's Antique Armour Boutique.
  5748 | D:5      | Found an ornate altar of the Wu Jian Council.
  5806 | D:5      | Killed Ijyb
  5863 | D:5      | Found Humuexti's Book Shop.
  5963 | D:5      | Found a burning altar of Makhleb.
  6759 | D:7      | Reached skill level 5 in Fighting
  7358 | D:7      | Reached skill level 10 in Stealth
  7458 | D:7      | Found a staircase to the Ecumenical Temple.
  7492 | Temple   | Entered the Ecumenical Temple
  7531 | Temple   | Became a worshipper of Warmaster Okawaru
  7779 | D:7      | Reached skill level 10 in Ranged Weapons
  8005 | D:8      | Reached XP level 10. HP: 51/51 MP: 11/11
  8049 | D:8      | Found Tucelaoq's Distillery.
  8053 | D:8      | Found Viriv's Magic Scroll Shoppe.
  8058 | D:8      | Reached * piety under Okawaru
  8058 | D:8      | Noticed Maggie
  8068 | D:8      | Killed Maggie
  8091 | D:8      | Found a blossoming altar of Fedhas.
  8092 | D:8      | Found Weromush's Book Shoppe.
  8093 | D:8      | Found Caloa's Antique Weapon Shoppe.
  8513 | D:8      | Noticed Grum
  8587 | D:8      | Killed Grum
  8587 | D:8      | Reached ** piety under Okawaru
  8714 | D:8      | Found a flagged portal.
  8722 | Bailey   | Entered a bailey
  8836 | Bailey   | Reached *** piety under Okawaru
  9052 | Bailey   | Identified the +5 spear "Meucubing" {freeze, Int+4}
  9076 | Bailey   | Reached skill level 10 in Dodging
  9289 | Bailey   | Noticed a two-headed ogre
  9355 | Bailey   | Killed a two-headed ogre
  9355 | Bailey   | Reached **** piety under Okawaru
  9527 | D:8      | Reached XP level 11. HP: 58/58 MP: 12/12
  9629 | D:8      | Noticed Erica
  9641 | D:8      | Killed Erica
  9711 | D:8      | Found a hazy altar of Hepliaklqana.
  9847 | D:8      | Noticed Gastronok
 10170 | D:8      | Bought a scroll of identify for 30 gold pieces
 11205 | D:8      | Killed Gastronok
 11205 | D:8      | Reached ***** piety under Okawaru
 11587 | D:9      | Found a shadowy altar of Dithmenos.
 11618 | D:9      | Identified the +2 chain mail "Wanozuso" {-Tele rC++ Str+3}
 11936 | D:9      | Found a white marble altar of Elyvilon.
 12014 | D:9      | Found a glowing silver altar of Zin.
 12021 | D:9      | Found a sacrificial altar of Ru.
 12142 | D:10     | Entered Level 10 of the Dungeon
 12241 | D:10     | Found a shimmering blue altar of Sif Muna.
 12288 | D:10     | Paralysed by a hornet for 1 turns
 12292 | D:10     | Received a gift from Okawaru
 12336 | D:10     | Found a staircase to the Orcish Mines.
 13064 | D:10     | Found a broken altar of Ashenzari.
 13167 | Orc:1    | Entered Level 1 of the Orcish Mines
 13222 | D:11     | Identified the +9 battleaxe "Lapokhlobb" {flame, rCorr
                  | Dex+6}
 13278 | D:11     | Noticed Josephine
 13281 | D:11     | Noticed a two-headed ogre
 13532 | D:11     | Noticed a two-headed ogre
 13533 | D:11     | Noticed a boulder beetle
 13660 | D:11     | Noticed a two-headed ogre
 13660 | D:11     | Noticed a two-headed ogre
 13660 | D:11     | Noticed a two-headed ogre
 13679 | D:11     | Killed a two-headed ogre
 13694 | D:11     | Found a staircase to the Lair.
 13743 | D:11     | Reached ****** piety under Okawaru
 13810 | D:11     | Found a runed translucent gate.
 13811 | D:11     | Found a runed translucent gate.
 13811 | D:11     | Found a runed translucent gate.
 13812 | D:11     | Noticed a ten-headed hydra
 13813 | D:11     | Noticed an 11-headed hydra
 13813 | D:11     | Noticed billz999's ghost (journeyman DjFE)
 13841 | D:11     | Noticed an ogre mage
 13959 | D:11     | Killed a two-headed ogre
 13959 | D:11     | Received a gift from Okawaru
 13960 | D:11     | Reached XP level 12. HP: 64/64 MP: 13/13
 14078 | D:11     | Killed a two-headed ogre
 14199 | D:11     | Killed a boulder beetle
 14393 | D:11     | Killed Josephine
 14533 | D:11     | Killed an ogre mage
 14572 | D:11     | Killed a two-headed ogre
 14573 | D:11     | Killed a two-headed ogre
 14756 | D:11     | Killed a ten-headed hydra
 14945 | D:11     | Killed an 11-headed hydra
 15183 | D:11     | Killed billz999's ghost
 15216 | Lair:1   | Entered Level 1 of the Lair of Beasts
 15317 | Lair:1   | Found a dark tunnel.
 15338 | Volcano  | Entered a volcano
 15689 | Volcano  | Found a radiant altar of Vehumet.
 15751 | Volcano  | Received a gift from Okawaru
 15755 | Volcano  | Slain by a red devil

Illustrated notes

Levels and vault maps discovered:
D:1:      giann_bridges, layout_rooms, shapermc_ecumenical_altar_mp_ritualfount
D:2:      layout_rooms, minmay_fountain_box, uniq_jessica
D:3:      minmay_wonky_spiral, layout_rooms, xom_teletrap_fun,
          nicolae_kikubaaqudgha_miasma_corner, pf_guarded_unrand_woodcutter
D:4:      old_forge, layout_basic, cheibrodos_sewer_entry_drain,
          nicolae_shop_sticking_my_neck_out, uniq_edmund
D:5:      layout_loops_corners, nzn_wu_jian_council_hall,
          mainiacjoe_overflow_alcove_2, beargit_hepliaklqana_dungeon_heroes,
          serial_shops, nicolae_shop_hallway_plus, grunt_decor_mini_mirrors,
          minmay_between, uniq_ijyb
D:6:      layout_rooms, serial_shops, nicolae_stop_n_shop_1
D:7:      layout_basic, minmay_temple_entry_glassed_door
D:8:      layout_basic, enter_bailey_3, minmay_shop_grid_forest,
          hangedman_feature_mirror, chequers_serial_rivers_room_a,
          abandoned_shop, uniq_grum, uniq_maggie, uniq_gastronok, uniq_erica
D:9:      layout_rooms, nicolae_elyvilon_peaceful_grove,
          mainiacjoe_overflow_six_doors_small, gammafunk_temple_overflow_pools
D:10:     kennysheep_steamy, layout_loops_ring, led_sif_book,
          mainiacjoe_overflow_alcove_1, orc_0_dummy
D:11:     layout_basic, grunt_lair_entry_orc_guard_hut, portal_ice_cave_rime,
          gammafunk_ghost_hydra_chop, uniq_josephine
Temple:   hellmonk_temple_of_storms
Lair:1:   layout_cellular_growth, gammafunk_ghost_icy,
          nicolae_volcano_entry_lava_flow, grunt_megastairs_5
Orc:1:    layout_caves, basic_altar, uniq_maurice
Volcano:  volcano_grotto [vgs_many_chambers]

Skill      XL: |  1  2  3  4  5  6  7  8  9 10 11 12 |
---------------+-------------------------------------+-----
Stealth        | 2 3 4 5 6 8 10 11 13 14 | 14.9
Dodging        | 3 4 5 6 7 8 10 11 12 | 12.9
Fighting       | 2 3 4 5 6 7 8 |  8.4
Ranged Weapons | 5 6 7 8 10 11 13 14 | 14.3

Action                   |  1- 3 |  4- 6 |  7- 9 | 10-12 || total
-------------------------+-------+-------+-------+-------++-------
 Fire: Shortbow          |   122 |   218 |   433 |    43 ||   816
       Arbalest          |       |       |    73 |   652 ||   725
  Use: Scroll            |       |     6 |     4 |    10 ||    20
       Potion            |       |       |       |     7 ||     7
Armor: Robe              |     1 |    12 |    23 |    17 ||    53
Dodge: Dodged            |    54 |    80 |   248 |   514 ||   896

Table legend: (Time is in decaauts)
 A = Elapsed time spent in this place.
 B = Non-inter-level travel time spent in this place.
 C = Inter-level travel time spent in this place.
 D = Time resting spent in this place.
 E = Time spent auto-exploring this place.
 F = Levels seen in this place.
 G = Mean time per level.
                   A        B        C        D        E       F      G
               +--------+--------+--------+--------+--------+-----+--------+
         Total |  12318 |  11542 |    776 |    648 |   7248 |  16 |  769.9 |
       Dungeon |  11133 |  10363 |    770 |    648 |   6497 |  11 | 1012.1 |
        Temple |     31 |     25 |      6 |      0 |     14 |   1 |   31.0 |
          Lair |    114 |    114 |      0 |      0 |     96 |   1 |  114.0 |
  Orcish Mines |      1 |      1 |      0 |      0 |      0 |   1 |    1.0 |
        Bailey |    660 |    660 |      0 |      0 |    386 |   1 |  660.0 |
       Volcano |    376 |    376 |      0 |      0 |    254 |   1 |  376.0 |
               +--------+--------+--------+--------+--------+-----+--------+

Top non-repeatable levels by time:
     D:8: 1932 daAuts
    D:11: 1466 daAuts
     D:4: 1385 daAuts
     D:5: 1149 daAuts
     D:7: 1017 daAuts
    D:10: 945 daAuts
     D:9: 749 daAuts
     D:3: 690 daAuts
  Bailey: 660 daAuts
     D:6: 627 daAuts
     D:1: 587 daAuts
     D:2: 581 daAuts
 Volcano: 376 daAuts
  Lair:1: 114 daAuts
  Temple: 31 daAuts
